AoeStats
← Potatoe4

Black Forest

505069615Analyzed
2v2 RM · 23d ago on Sep 7, 2026· 61m 37s· 4 players
Game mode
Random Map
Map size
Medium (4 player)
Population
200
Speed
Normal
Resources
Standard
Victory
Conquest
Starting age
Dark Age
Ending age
Imperial Age
RankedLock teamsTeams togetherTeam positionsShared explorationLock speedFull tech treeHidden civsTurbo modeCheats
Victory
Defeat
🇺🇸 Turks · United States
1077
+16
🇹🇷 Franks · Türkiye
1067
+17
🇺🇸 Teutons · United States
1168
-20
🇺🇸 Spanish · United States
1007
-13
hadibaaayım
0:39 Loom
13:04 Feudal Age
13:32 Double-Bit Axe
15:54 Fishing Lines
17:52 Gold Mining
17:53 Stone Mining
21:44 Castle Age
20:11 Forging
20:07 Scale Barding Armor
20:03 Padded Archer Armor
19:53 Fletching
23:04 Bow Saw
23:03 Gillnets
24:27 Caravan
24:58 Coinage
30:08 Iron Casting
34:08 Imperial Age
32:23 Wheelbarrow
31:33 Town Watch
34:37 Chain Barding Armor
34:34 Leather Archer Armor
34:14 Bodkin Arrow
35:26 Conscription
35:06 Chivalry
35:27 #83
35:43 Hoardings
36:16 Blast Furnace
36:08 Banking
37:20 Hand Cart
37:05 Town Patrol
41:23 Murder Holes
41:34 Siege Engineers
41:40 Masonry
41:41 Fortified Wall
41:51 Ballistics
42:32 Chemistry
41:18 Arrowslits
41:24 Guard Tower
43:36 Gold Shaft Mining
44:16 Plate Barding Armor
43:42 Scale Mail Armor
44:19 Architecture
44:26 Devotion
44:48 Heresy
44:40 Fervor
44:46 Block Printing
44:57 Illumination
44:52 Sanctity
45:09 Theocracy
44:30 Herbal Medicine
45:11 Elite Throwing Axeman
47:58 Cavalier
48:57 Husbandry
48:45 Paladin
48:46 Light Cavalry
BigOleChunguss
1:23 Loom
12:54 Feudal Age
17:33 Castle Age
15:54 Fletching
23:36 Double-Bit Axe
25:13 Bow Saw
26:19 Horse Collar
28:24 Wheelbarrow
28:29 Gold Mining
28:34 Stone Mining
30:15 Hand Cart
33:00 Imperial Age
31:53 Bodkin Arrow
32:29 Masonry
33:25 Gold Shaft Mining
34:51 Artillery
35:14 Padded Archer Armor
35:48 Architecture
35:59 Conscription
36:12 Leather Archer Armor
36:09 Caravan
37:39 Ring Archer Armor
36:53 Elite Janissary
41:08 Fortified Wall
41:15 Heavy Plow
41:26 Heavy Scorpion
43:49 Ballistics
45:15 Guard Tower
45:28 Bracer
49:01 Bombard Tower
49:17 Keep
53:47 Scale Mail Armor
53:57 Forging
62:53 Two-Man Saw
Apoptosis
0:59 Loom
10:50 Feudal Age
11:34 Double-Bit Axe
13:59 Horse Collar
24:56 Castle Age
26:02 Bow Saw
25:54 Heavy Plow
26:34 Wheelbarrow
27:39 Hand Cart
31:41 Imperial Age
31:35 Hand Cart
31:31 Scale Mail Armor
31:41 Forging
32:39 Onager
35:23 Scale Barding Armor
35:54 Iron Casting
37:15 Chain Barding Armor
38:27 Blast Furnace
38:05 Gold Mining
39:21 Two-Man Saw
38:25 Cavalier
39:16 Bloodlines
39:43 Plate Barding Armor
39:00 Capped Ram
39:41 Man-at-Arms
39:45 Pikeman
42:03 Paladin
44:15 Halberdier
45:20 Chain Mail Armor
46:53 Plate Mail Armor
Potatoe4
0:39 Loom
13:58 Feudal Age
14:33 Double-Bit Axe
19:15 Castle Age
20:22 Bow Saw
20:04 Stone Mining
22:07 Stone Shaft Mining
22:04 Horse Collar
28:32 Padded Archer Armor
28:22 Fletching
34:30 Imperial Age
32:50 Leather Archer Armor
35:01 Bodkin Arrow
37:34 Wheelbarrow
37:06 Heavy Plow
38:11 Elite Conquistador
40:52 Gold Mining
42:48 Chemistry
54:29 Pikeman
55:11 Scale Mail Armor
55:21 Forging
55:41 Halberdier
58:06 Chain Mail Armor
58:28 Iron Casting
Connection lost

Rejoining the realm…

Still unreachable

The connection could not be restored.

Session expired

The server has moved on; the page needs a fresh start.